 Dungeon Crawl Stone Soup version 0.23-a0-767-gdc19b93d68 (webtiles) character file.

172 LLavrengius the Cutter (level 5, -11/36 HPs)
             Began as an Octopode Fighter on Jan 21, 2019.
             Mangled by a wyvern skeleton (15 damage)
             ... on level 3 of the Dungeon.
             The game lasted 00:05:50 (1811 turns).

LLavrengius the Cutter (Octopode Fighter)           Turns: 1811, Time: 00:05:51

Health: -11/36     AC:  1    Str: 21    XL:     5   Next: 53%
Magic:  5/5        EV: 11    Int: 11    God:
Gold:   100        SH:  9    Dex: 11    Spells: 4/4 levels left

rFire    . . .     SeeInvis .   a - +0 rapier
rCold    . . .     Gourm    .   b - +0 shield
rNeg     . . .     Faith    .   (helmet restricted)
rPois    +         Spirit   .   (no amulet)
rElec    .         Reflect  .   l - ring of poison resistance
rCorr    .         Harm     .   (no ring)
MR       .....                  (no ring)
Stlth    +++.......             (no ring)
HPRegen  0.12/turn              (no ring)
MPRegen  0.09/turn              (no ring)
                                (no ring)
                                (no ring)

@: mighty
A: almost no armour, stealthy swim, amphibious, 8 rings, constrict 8, camouflage
1, gelatinous body 1
a: no special abilities


You were on level 3 of the Dungeon.
You were not hungry.

You visited 1 branch of the dungeon, and saw 3 of its levels.

You collected 100 gold pieces.

Inventory:

Hand Weapons
 a - a +0 rapier (weapon)
Missiles
 f - 4 javelins (quivered)
Armour
 b - a +0 shield (worn)
Jewellery
 h - an uncursed ring of ice
 l - a ring of poison resistance (left tentacle)
 p - an uncursed amulet of faith {unknown}
Scrolls
 e - 2 scrolls of enchant armour {unknown}
 i - 3 scrolls of identify {unknown}
 k - 2 scrolls of teleportation {unknown}
 o - a scroll of remove curse {unknown}
Potions
 c - 2 potions of might
 g - 3 potions of flight {unknown}
 j - 2 potions of curing {unknown}
 m - 2 potions of agility {unknown}
 q - a potion of brilliance {unknown}
Comestibles
 d - 7 rations
 n - 4 chunks of flesh


   Skills:
 - Level 3.0 Fighting
 + Level 4.7 Short Blades
 - Level 3.0 Dodging
 - Level 4.0 Stealth
 - Level 3.0 Shields


You had 4 spell levels left.
You didn't know any spells.
Your spell library was empty.

Dungeon Overview and Level Annotations

Branches:
Dungeon (3/15)

Altars:
Nemelex Xobeh


Innate Abilities, Weirdness & Mutations

You cannot wear most types of armour.
You are very stealthy in the water. (Stealth+)
You are amphibious.
You can wear up to eight rings at the same time.
You can use your tentacles to constrict eight enemies at once.
Your skin changes colour to match your surroundings (Stealth+).
Your rubbery body absorbs attacks. (AC +1, EV +1)


Message History

You closely miss the orc. You grab the orc. You constrict the orc.
You block the goblin's attack. The orc hits you with a +0 club.
The orc hits you.
You hit the orc. You squeeze the orc.
You kill the orc!
The goblin hits you but does no damage. The orc barely misses you.
You closely miss the goblin. Your grab misses the goblin.
You squeeze the goblin.
The goblin is moderately wounded.
The wyvern skeleton closely misses you. The goblin hits you. The orc hits you.
You hit the goblin. Your grab misses the goblin.
The goblin is heavily wounded.
The wyvern skeleton bites you!
* * * LOW HITPOINT WARNING * * *
The goblin hits you.
* * * LOW HITPOINT WARNING * * *
The orc closely misses you. The wyvern skeleton closely misses you.
You feel very mighty all of a sudden. The wyvern skeleton bites you!
You die...

#.# # # #.# #..# ##.# #
#.#. ..# # ..... #.# .#
#.#g#####.######.#
#..Z@............#
......#o.((..!....#####
......................#
.....<.......####.###.#
##..######..## #.# #.#
#. ...... ..# #.# #
#####..#####.# #.# ..
...# #.# #.# ..###.#
##.###.#


You could see an orc, a goblin and a wyvern skeleton.

Vanquished Creatures
  An orc wizard (D:3)
  A gnoll (D:1)
  5 adders
  2 oozes
  A worm (D:2)
  2 dart slugs
  4 leopard geckos
  3 orcs (D:3)
  2 ball pythons (D:1)
  10 bats
  A giant cockroach (D:2)
  5 goblins
  6 hobgoblins
  5 jackals
  6 kobolds
  3 quokkas
  3 frilled lizards
  5 rats
65 creatures vanquished.

Notes
Turn   | Place    | Note
-------+----------+-------------------------------------------
     0 | D:1      | LLavrengius the Octopode Fighter began the quest for the
                  | Orb.
     0 | D:1      | Reached XP level 1. HP: 16/16 MP: 1/1
    51 | D:1      | Reached skill level 1 in Stealth
    57 | D:1      | Reached XP level 2. HP: 19/21 MP: 2/2
   277 | D:1      | Reached XP level 3. HP: 26/26 MP: 3/3
  1046 | D:2      | Reached XP level 4. HP: 30/31 MP: 4/4
  1428 | D:3      | Found a sparkling altar of Nemelex Xobeh.
  1472 | D:3      | Reached XP level 5. HP: 28/36 MP: 5/5
  1811 | D:3      | Mangled by a wyvern skeleton

Vault maps used:
D:1:      eino_arrival_water_cross, minmay_hedge_maze
D:2:      first_ration, minmay_tromino_i4
D:3:      nemelex_xobeh_ov_fountains_minmay, serial_bayou_ford_a

Skill      XL: |  1  2  3  4 |
---------------+-------------+-----
Stealth        | 1 2 3 4 |  4.0
Short Blades   | 3 4 |  4.7
Fighting       | |  3.0
Dodging        | |  3.0
Shields        | |  3.0

Action                   |  1- 3 |  4- 6 || total
-------------------------+-------+-------++-------
Melee: Rapier            |    60 |    54 ||   114
       Constrict         |     8 |    16 ||    24
       Tentacles         |     9 |    14 ||    23
  Use: Potion            |       |     1 ||     1
 Stab: Sleeping          |    11 |    10 ||    21
       Distracted        |       |     1 ||     1
  Eat: Chunk             |       |     3 ||     3
Armor: Skin              |     5 |     5 ||    10
Dodge: Dodged            |    18 |    20 ||    38
Block: Shield            |    22 |    20 ||    42

Table legend:
 A = Non-vault XP
 B = Vault XP
 C = Vault XP percentage of total XP
 D = Non-vault monster count
 E = Vault monster count
 F = Vault count percentage of total count
                 A         B        C        D         E       F
            +---------+---------+-------+---------+---------+-------
      Total |     239 |       8 |   3.2 |      62 |       3 |   4.6
            +---------+---------+-------+---------+---------+-------
        D:1 |      68 |       0 |   0.0 |      26 |       0 |   0.0
        D:2 |      49 |       8 |  14.0 |      17 |       3 |  15.0
        D:3 |     122 |       0 |   0.0 |      19 |       0 |   0.0
            +---------+---------+-------+---------+---------+-------
